 Dungeon Crawl Stone Soup version 0.19.4-12-gccf7e64 (webtiles) character file.

3138 vatarom the Slicer (level 10, -11/56 HPs)
             Began as a Kobold Enchanter on Feb 26, 2017.
             Was a Follower of Uskayaw.
             Mangled by an orc knight
             ... wielding a +0 glaive
              (41 damage)
             ... in a bailey.
             The game lasted 00:17:07 (7636 turns).

vatarom the Slicer (Kobold Enchanter)               Turns: 7636, Time: 00:17:08

Health: -11/56     AC:  6    Str:  9    XL:     10   Next: 14%
Magic:  8/13       EV: 22    Int: 14    God:    Uskayaw [*.....]
Gold:   542        SH:  5    Dex: 16    Spells: 5 memorised, 1 level left

rFire  . . .     SeeInvis .     g - +2 short sword (speed)
rCold  . . .     Gourm    .     b - +1 robe
rNeg   . . .     Faith    .     (shield restricted)
rPois  .         Spirit   .     (helmet restricted)
rElec  .         Reflect  +     (no cloak)
rCorr  .         Harm     .     (no gloves)
MR     .....                    (no boots)
Stlth  +++.......               C - +5 amulet of reflection
                                a - +4 ring of evasion
                                e - +4 ring of protection

@: no status effects
A: antennae 1, carnivore 3, deformed body, dopey 1, frail 1, low mp 1
a: Stomp, Renounce Religion


You were in a bailey.
You worshipped Uskayaw.
Uskayaw was noncommittal.
You were very full.

You visited 2 branches of the dungeon, and saw 10 of its levels.
You also visited: Bailey.

You collected 542 gold pieces.

Inventory:

Hand Weapons
 g - a +2 short sword of speed (weapon)
Armour
 b - a +1 robe (worn)
 p - a +0 helmet
Jewellery
 a - a +4 ring of evasion (right hand)
 e - a +4 ring of protection (left hand)
 k - an uncursed ring of see invisible
 l - an uncursed ring of fire
 t - an uncursed ring of protection from cold
 C - a +5 amulet of reflection (around neck)
Wands
 B - a wand of iceblast (5/15)
Scrolls
 f - 7 scrolls of remove curse
 h - 11 scrolls of identify
 j - 5 scrolls of teleportation
 n - a scroll of amnesia
 q - a scroll of magic mapping
Potions
 r - 2 potions of might
 u - 9 potions of curing
 v - a potion of experience {unknown}
 x - a potion of magic {unknown}
 z - a potion of agility {unknown}
Books
 c - a book of Maledictions

   Spells                             Type                      Level
   a - Corona                         Hexes                        1
   b - Ensorcelled Hibernation        Hexes/Ice                    2
   c - Confuse                        Hexes                        3
   d - Tukima's Dance                 Hexes                        3
   e - Dazzling Spray                 Conjuration/Hexes            3
 s - a book of Cantrips

   Spells                             Type                      Level
   a - Confusing Touch                Hexes                        1
   b - Animate Skeleton               Necromancy                   1
   c - Summon Small Mammal            Summoning                    1
   d - Apportation                    Translocation                1
 w - a book of Battle

   Spells                             Type                      Level
   a - Infusion                       Charms                       1
   b - Shroud of Golubria             Charms/Translocation         2
   c - Song of Slaying                Charms                       2
   d - Spectral Weapon                Hexes/Charms                 3
   e - Regeneration                   Charms/Necromancy            3
 y - a book of Changes

   Spells                             Type                      Level
   a - Beastly Appendage              Transmutation                1
   b - Sticks to Snakes               Transmutation                2
   c - Spider Form                    Transmutation/Poison         3
   d - Ice Form                       Ice/Transmutation            4
   e - Blade Hands                    Transmutation                5
 A - a book of Callings

   Spells                             Type                      Level
   a - Summon Small Mammal            Summoning                    1
   b - Call Imp                       Summoning                    2
   c - Call Canine Familiar           Summoning                    3
   d - Summon Guardian Golem          Hexes/Summoning              3
   e - Summon Lightning Spire         Summoning/Air                4
   f - Summon Ice Beast               Ice/Summoning                4
Comestibles
 d - a meat ration
 i - 7 chunks of flesh
 m - 3 slices of pizza
 o - 2 beef jerkies


   Skills:
 - Level 7.3 Fighting
 * Level 9.5 Short Blades
 - Level 5.3 Dodging
 - Level 4.0 Stealth
 - Level 2.1 Spellcasting
 - Level 6.6 Hexes
 + Level 6.2 Invocations


You had one spell level left.
You knew the following spells:

 Your Spells              Type           Power        Failure   Level  Hunger
a - Corona                Hex            ###....      1%          1    #......
b - Ensorcelled Hibernat  Hex/Ice        ##....       12%         2    ###....
c - Confuse               Hex            ###.....     6%          3    ###....
d - Tukima's Dance        Hex            ###.....     6%          3    ###....
e - Spectral Weapon       Hex/Chrm       ##......     21%         3    ###....


Dungeon Overview and Level Annotations

Branches:
Dungeon (9/15)             Temple (1/1) D:6
   Lair: D:8-11         Orc: D:9-12

Altars:
Ashenzari
Cheibriados
Dithmenos
Elyvilon
Fedhas
Gozag
Hepliaklqana
Kikubaaqudgha
Makhleb
Nemelex Xobeh
Okawaru
Qazlal
Sif Muna
Trog
Uskayaw
Vehumet
Xom
Yredelemnul
Zin
The Shining One

Shops:
D:6 ?   D:7 (


Innate Abilities, Weirdness & Mutations

You are small and have problems with some larger weapons.
You are carnivorous and can eat meat at any time.
You have a pair of small antennae on your head.
Armour fits poorly on your strangely shaped body.
You are dopey. (Int -2)
You are frail. (-10% HP)
Your magical capacity is low. (-10% MP)


Message History

You hit the orc warrior but do no damage.
The orc hits you but does no damage.
You hit the orc warrior but do no damage.
Your war axe falls from the air.
The orc warrior completely misses you. You block the orc's attack.
You block the orc warrior's attack. The orc barely misses you.
You hit the orc warrior but do no damage.
The orc warrior no longer looks unusually strong.
The orc barely misses you.
You closely miss the orc warrior. You block the orc's attack.
You hit the orc.
The orc is heavily wounded.
The orc no longer looks unusually strong. x2
The orc warrior closely misses you. The orc misses you.
The orc hits you with a war axe! The orc warrior barely misses you.
The orc knight roars a battlecry!
The orcs go into a battle-frenzy!
The orc knight hits you from afar with a glaive!!!
Ouch! That really hurt!
You die... #.......# #.......# #.......# #.......# #.....# ##ooo## #ooooo#

#.o)o.#
#.o@..#
#.....#
#.....#
##'''##
##.....##
#.......#
#....)..#
#.......#
#.......#


You could see 2 orc knights, 3 orc warriors and 6 orcs.

Vanquished Creatures
  The ghost of Megalobster the Conjurer, a novice DECj of Vehumet (D:5)
  A two-headed ogre (D:8)
  2 hippogriffs
  2 hungry ghosts
  5 orc warriors (Bailey)
  An ice beast (D:6)
  2 sky beasts
  3 ogres
  A crocodile (D:9)
  A big kobold (D:8)
  Blork the orc (D:6)
  A bullfrog (D:6)
  A water moccasin skeleton (D:4)
  A scorpion (D:8)
  A killer bee (D:7)
  2 howler monkeys
  3 crimson imps
  2 jellies
  An iguana (D:8)
  An orc wizard (D:3)
  5 worker ants
  A howler monkey zombie (D:9)
  6 adders
  2 shadow imps
  An ooze (D:6)
  3 adder skeletons
  3 worms
  A dart slug (D:2)
  4 leopard geckos
  28 orcs
  4 bats
  3 giant cockroaches
  9 goblins
  5 hobgoblins
  9 jackals
  2 quokkas
  2 ball pythons (D:2)
  5 frilled lizards
  10 kobolds
  3 rats
139 creatures vanquished.

Vanquished Creatures (collateral kills)
  An ogre (D:9)
  A worker ant (D:8)
  5 orcs (Bailey)
7 creatures vanquished.

Vanquished Creatures (others)
  4 dancing weapons
4 creatures vanquished.

Grand Total: 150 creatures vanquished

Notes
Turn   | Place    | Note
-------+----------+-------------------------------------------
     0 | D:1      | vatarom the Kobold Enchanter began the quest for the Orb.
     0 | D:1      | Reached XP level 1. HP: 10/10 MP: 3/3
   141 | D:1      | Reached skill level 1 in Fighting
   150 | D:1      | Reached XP level 2. HP: 1/16 MP: 1/5
   244 | D:1      | Learned a level 2 spell: Ensorcelled Hibernation
   944 | D:1      | Reached XP level 3. HP: 20/22 MP: 6/6
  1524 | D:2      | Learned a level 3 spell: Confuse
  1526 | D:2      | Found an ancient bone altar of Kikubaaqudgha.
  1637 | D:2      | Reached XP level 4. HP: 29/29 MP: 7/7
  1746 | D:2      | Found an opulent altar of Gozag.
  2168 | D:3      | Found a faded altar of an unknown god.
  2203 | D:3      | Reached skill level 2 in Short Blades
  2395 | D:3      | Found a shattered altar of Ashenzari.
  2395 | D:3      | Found a glowing silver altar of Zin.
  2557 | D:3      | Reached skill level 3 in Short Blades
  2557 | D:3      | Reached XP level 5. HP: 31/33 MP: 2/8
  2793 | D:4      | Reached skill level 4 in Short Blades
  2855 | D:4      | Reached skill level 5 in Short Blades
  2855 | D:4      | Reached XP level 6. HP: 21/38 MP: 7/9
  3122 | D:4      | Noticed an ogre
  3140 | D:4      | Killed an ogre
  3266 | D:4      | Found a hazy altar of Hepliaklqana.
  3329 | D:4      | Reached XP level 7. HP: 42/42 MP: 10/10
  3614 | D:5      | Entered Level 5 of the Dungeon
  3661 | D:5      | Found a deep blue altar of Sif Muna.
  3731 | D:5      | Found a glowing golden altar of the Shining One.
  3792 | D:5      | Noticed Megalobster's ghost (novice DECj)
  3808 | D:5      | Got a jewelled whip
  3816 | D:5      | Reached skill level 5 in Hexes
  3873 | D:5      | Killed Megalobster's ghost
  3873 | D:5      | Reached XP level 8. HP: 31/48 MP: 3/11
  3950 | D:5      | Found a sparkling altar of Nemelex Xobeh.
  3986 | D:5      | Learned a level 3 spell: Tukima's Dance
  4266 | D:5      | Identified the cursed +1 whip "Earthworm" {slash, +Fly Int+2} (You found it on level 5 of the Dungeon)
  4415 | D:6      | Noticed Blork the orc
  4427 | D:6      | Killed Blork the orc
  4506 | D:6      | Noticed a hippogriff
  4515 | D:6      | Reached skill level 5 in Fighting
  4533 | D:6      | Killed a hippogriff
  4581 | D:6      | Gained mutation: Armour fits poorly on your strangely shaped body. [mutagenic meat]
  4582 | D:6      | Gained mutation: You are frail. (-10% HP) [mutagenic meat]
  4583 | D:6      | Gained mutation: You have a pair of small antennae on your head. [mutagenic meat]
  4584 | D:6      | Gained mutation: Your magical capacity is low. (-10% MP) [mutagenic meat]
  4585 | D:6      | Gained mutation: You are dopey. (Int -2) [mutagenic meat]
  4793 | D:6      | Found Tutreug's Magic Scroll Shoppe.
  4808 | D:6      | Found a staircase to the Ecumenical Temple.
  4906 | Temple   | Entered the Ecumenical Temple
  4937 | Temple   | Became a worshipper of Uskayaw the Reveler
  5071 | D:6      | Reached * piety under Uskayaw
  5117 | D:6      | Reached ** piety under Uskayaw
  5118 | D:6      | Reached XP level 9. HP: 51/51 MP: 5/11
  5462 | D:7      | Found Ylaider's Antique Weapon Shop.
  5533 | D:7      | Reached skill level 1 in Invocations
  5781 | D:7      | Learned a level 3 spell: Spectral Weapon
  5791 | D:7      | Noticed a hippogriff
  5822 | D:7      | Killed a hippogriff
  5822 | D:7      | Reached skill level 5 in Dodging
  6277 | D:8      | Reached skill level 6 in Short Blades
  6425 | D:8      | Reached *** piety under Uskayaw
  6426 | D:8      | Reached skill level 7 in Short Blades
  6426 | D:8      | Reached skill level 5 in Invocations
  6426 | D:8      | Reached **** piety under Uskayaw
  6511 | D:8      | Noticed a two-headed ogre
  6533 | D:8      | Killed a two-headed ogre
  6988 | D:9      | Found a burning altar of Makhleb.
  7015 | D:9      | Reached skill level 8 in Short Blades
  7025 | D:9      | Found a flagged portal.
  7054 | Bailey   | Entered a bailey
  7214 | Bailey   | Reached XP level 10. HP: 29/56 MP: 2/12
  7419 | Bailey   | Reached skill level 9 in Short Blades
  7615 | Bailey   | Noticed an orc knight
  7625 | Bailey   | Noticed an orc knight
  7636 | Bailey   | Mangled by an orc knight

Skill      XL: |  1  2  3  4  5  6  7  8  9 10 |
---------------+-------------------------------+-----
Fighting       | 1 2 3 7 |  7.3
Short Blades   | 3 5 8 9 |  9.5
Hexes          | 4 6 |  6.6
Dodging        | 3 5 |  5.3
Invocations    | 5 6 |  6.2
Stealth        | |  4.0
Spellcasting   | |  2.1

Action                   |  1- 3 |  4- 6 |  7- 9 | 10-12 || total
-------------------------+-------+-------+-------+-------++-------
Melee: Dagger            |   103 |    23 |       |       ||   126
       Short sword       |       |   111 |   394 |    57 ||   562
 Cast: Corona            |     4 |       |     5 |       ||     9
       Ensorcelled Hiber |     1 |     6 |     4 |       ||    11
       Confuse           |       |    11 |    22 |       ||    33
       Tukima's Dance    |       |       |    10 |     4 ||    14
       Spectral Weapon   |       |       |     1 |       ||     1
Invok: Stomp             |       |       |     2 |       ||     2
  Use: Scroll            |     4 |     4 |     5 |       ||    13
       Potion            |     2 |     3 |     3 |     3 ||    11
 Stab: Sleeping          |    12 |    10 |     8 |       ||    30
       Confused          |       |     3 |     8 |       ||    11
       Distracted        |       |     1 |     2 |       ||     3
       Paralysed         |       |       |     4 |     2 ||     6
  Eat: Chunk             |     8 |    10 |     9 |     2 ||    29
       Meat ration       |       |       |     4 |       ||     4
       Beef jerky        |       |       |     1 |       ||     1
Armor: Robe              |    27 |    20 |    40 |     4 ||    91
Dodge: Dodged            |    86 |    80 |   236 |    51 ||   453
Block: Other             |       |       |    28 |    18 ||    46
